 Dungeon Crawl Stone Soup version 0.17-a0-1249-g56390e0 (webtiles) character file.

499 AnnoyedKobold the Chiller (level 6, -3/45 HPs)
             Began as a Draconian Ice Elementalist on June 5, 2015.
             Slain by Joseph
             ... wielding a +4 quarterstaff of holy wrath
              (10 damage)
             ... on level 7 of the Dungeon.
             The game lasted 00:10:57 (3456 turns).

AnnoyedKobold the Chiller (DrIE)                    Turns: 3456, Time: 00:10:57

Health: -3/45      AC:  8    Str: 10    XL:     6   Next: 94%
Magic:  13/13      EV: 12    Int: 17    God:
Gold:   77         SH:  0    Dex: 12    Spells: 1 memorised, 14 levels left

rFire  . . .     SeeInvis .     r - +2 whip (elec)
rCold  . . .     Clarity  .     (armour unavailable)
rNeg   . . .     SustAt   .     (no shield)
rPois  .         Gourm    .     (helmet restricted)
rElec  .         Spirit   .     (no cloak)
rCorr  .         Warding  .     p - +0 pair of gloves
rMut   .         Stasis   .     m - +0 pair of boots
MR     .....                    (no amulet)
Stlth  ++........               (no ring)
                                (no ring)

@: not resistant to hostile enchantments, unstealthy
A: unfitting armour, cold-blooded, AC +6
a: no special abilities


You were on level 7 of the Dungeon.
You were not hungry.

You visited 1 branch of the dungeon, and saw 6 of its levels.

You collected 77 gold pieces.

Inventory:

Hand weapons
 d - a +0 dagger
 r - a +2 whip of electrocution (weapon)
Armour
 m - a +0 pair of boots (worn)
 p - a +0 pair of gloves (worn)
Jewellery
 h - a +4 ring of evasion {unknown}
Magical devices
 s - a wand of digging (2)
 t - a wand of confusion (25)
Scrolls
 c - a scroll of amnesia {unknown}
 e - 2 scrolls of identify {unknown}
 f - a scroll of magic mapping {unknown}
 i - 2 scrolls of random uselessness {unknown}
 j - a scroll of teleportation {unknown}
 l - a scroll of enchant weapon {unknown}
 n - 2 scrolls of remove curse {unknown}
 o - 3 scrolls of recharging {unknown}
Potions
 q - a potion of poison {unknown}
 v - a potion of magic {unknown}
Books
 a - a book of Frost

   Spells                             Type                      Level
   a - Freeze                         Ice                          1
   b - Throw Frost                    Conjuration/Ice              2
   c - Ozocubu's Armour               Charms/Ice                   3
   d - Throw Icicle                   Conjuration/Ice              4
   e - Summon Ice Beast               Ice/Summoning                4
   f - Condensation Shield            Ice                          4
Comestibles
 b - 7 bread rations
 g - a meat ration
 k - 2 slices of pizza


   Skills:
 - Level 1.7 Dodging
 - Level 1.7 Stealth
 + Level 5.1 Spellcasting
   Level 1.0 Conjurations
 + Level 5.8 Ice Magic


You had 14 spell levels left.
You knew the following spells:

 Your Spells              Type           Power        Failure   Level  Hunger
a - Freeze                Ice            ###.         1%          1    None


Dungeon Overview and Level Annotations

Branches:
Dungeon (7/15)
 Temple: D:4-7

Altars:
Makhleb
Xom
Zin

Annotations:
D:3 Grinder
D:7 Joseph


Innate Abilities, Weirdness & Mutations

Your plain brown scales are hard (AC +6).
Your body does not fit into most forms of armour.
You are cold-blooded and may be slowed by cold attacks.


Message History

You hit the orc wizard.
The orc wizard is lightly wounded.
The orc wizard casts a spell.
The orc wizard blinks!
The orc wizard hits you but does no damage.
You barely miss the orc wizard.
Your tail-slap misses the orc wizard.
The orc wizard is lightly wounded.
The orc wizard hits you but does no damage.
You hit the orc wizard.
There is a sudden explosion of sparks!
You kill the orc wizard!
Joseph shoots a sling bullet.
The sling bullet hits you!
* * * LOW HITPOINT WARNING * * *
The sling bullet burns you.
* * * LOW HITPOINT WARNING * * *
Joseph unwields an uncursed hunting sling of flaming.
It stops flaming.
Joseph wields an uncursed quarterstaff of holy wrath.
It softly glows with a divine radiance!
Joseph hits you with an uncursed quarterstaff of holy wrath!
You die...

#.. #.#####
#####.#...
#>....#.####
#.......#..#.#
#....o........
#.....(.#..#.#
#....@#.# ...#
#)###@#.# ###
#.# #(#.. #.#
#.#..# #.#
#.#... #.#
#.#...@ #.#
#.#.#.. #.#
#.#.#..# #.#
#.#.# #.#
#.#.#


You could see Joseph and an orc wizard.

Vanquished Creatures
  Prince Ribbit (D:6)
  A hound (D:3)
  A crimson imp (D:7)
  An orc wizard (D:7)
  A giant frog zombie (D:7)
  Ijyb (D:3)
  Robin (D:3)
  7 adders
  A shadow imp (D:7)
  3 oozes
  A worm (D:2)
  2 orcs
  13 goblins
  13 hobgoblins
  2 jackals (D:1)
  2 quokkas (D:3)
  9 bats
  3 giant cockroaches
  2 giant geckos
  4 giant newts
  6 kobolds
  13 rats
88 creatures vanquished.

Notes
Turn   | Place    | Note
--------------------------------------------------------------
     0 | D:1      | AnnoyedKobold the Draconian Ice Elementalist began the quest for the Orb.
     0 | D:1      | Reached XP level 1. HP: 14/14 MP: 3/3
   441 | D:1      | Reached XP level 2. HP: 12/20 MP: 0/5
  1071 | D:2      | Found a glowing silver altar of Zin.
  1071 | D:2      | Found a shimmering altar of Xom.
  1071 | D:2      | Noticed an angel
  1078 | D:2      | Reached XP level 3. HP: 18/26 MP: 1/7
  1575 | D:2      | Reached skill level 4 in Ice Magic
  1575 | D:2      | Reached XP level 4. HP: 31/33 MP: 5/8
  1954 | D:3      | Noticed Ijyb
  1962 | D:3      | Killed Ijyb
  2262 | D:3      | Noticed Robin
  2267 | D:3      | Killed Robin
  2267 | D:3      | Reached XP level 5. HP: 14/38 MP: 2/10
  2628 | D:3      | Noticed Grinder
  2678 | D:3      | Found a burning altar of Makhleb.
  2817 | D:4      | You fall through a shaft for 3 floors!
  2971 | D:6      | Noticed Prince Ribbit
  2987 | D:6      | Killed Prince Ribbit
  2987 | D:6      | Reached skill level 5 in Ice Magic
  2987 | D:6      | Reached XP level 6. HP: 18/45 MP: 6/13
  3288 | D:7      | Reached skill level 5 in Spellcasting
  3437 | D:7      | Noticed Joseph
  3456 | D:7      | Slain by Joseph

Vault maps used:
D:1:      saegor_arrival_simple_d
D:2:      grunt_temple_overflow_order_and_chaos_1, first_bread
D:3:      makhleb_heckhound_becter, uniq_iyjb, uniq_grinder, uniq_robin
D:4:      lemuel_doored_altar, gammafunk_temple_overflow_elements,
          portal_sewer_entry_e, hex_tiny
D:6:      nicolae_qazlal_style_of_elements, uniq_prince_ribbit1, uniq_sigmund
D:7:      temple_pool_b, uniq_joseph, uniq_duvessa

Action                   |  1- 3 |  4- 6 || total
-------------------------+-------+-------++-------
Melee: Dagger            |    48 |    59 ||   107
       Whip              |       |    59 ||    59
 Cast: Freeze            |    44 |    49 ||    93
  Use: Potion            |       |     1 ||     1
 Stab: Sleeping          |     2 |     3 ||     5
       Distracted        |     1 |       ||     1
  Eat: Chunk             |     2 |     6 ||     8
